 Dungeon Crawl Stone Soup version 0.32-a0-818-gb728d0252e (webtiles) character file.

Game seed: 2199643449849003643

373 porpoise the Magician (level 7, -1/53 HPs)
             Began as a Djinni Hedge Wizard on Mar 24, 2024.
             Slain by Blork the orc
             ... wielding a +0 trident
              (6 damage)
             ... on level 4 of the Dungeon.
             The game lasted 00:13:56 (3523 turns).

porpoise the Magician (Djinni Hedge Wizard)         Turns: 3523, Time: 00:13:57

Health: -1/53      AC:  4    Str:  9    XL:     7   Next: 3%
Gold:   214        EV: 16    Int: 17    God:
                   SH:  0    Dex: 16

rFire   + + +        b - +0 orcbow
rCold   x . .        (shield currently unavailable)
rNeg    . . .        w - +0 robe
rPois   ∞            c - +0 hat
rElec   .            l - +1 cloak
rCorr   .            (no gloves)
SInv    .            (boots unavailable)
Will    .....        (no amulet)
Stlth   ++           n - +5 ring of evasion
HPRegen 0.28/turn    s - ring "Engoevoz" {rF+ Dex+3}
MPRegen 0.00/turn

%: infuse magic (-2 HP)
@: flying, very slightly contaminated
A: sickness immunity, fire resistance 2, cold vulnerability 1, float, innate
caster, HP casting, extra vitality 1
a: no special abilities


You were on level 4 of the Dungeon.
You visited 1 branch of the dungeon, and saw 4 of its levels.

You collected 214 gold pieces.

Inventory:

Hand Weapons
 a - the +0 quarterstaff of Malum In Se {spect, rPois Will+ Int-2}
   (You found it on level 2 of the Dungeon)

   Int-2:     It affects your intelligence (-2).
   rPois:     It protects you from poison.
   Will+:     It increases your willpower.
 b - a +0 orcbow (weapon)
 v - a +0 trident
 x - a +1 dagger of draining
Missiles
 e - a throwing net
 q - 3 javelins
 y - 3 atropa-tipped darts
Armour
 c - a +0 hat (worn)
 l - a +1 cloak (worn)
 w - a +0 robe (worn)
Jewellery
 n - a +5 ring of evasion (left hand)
 s - the ring "Engoevoz" (right hand) {rF+ Dex+3}
   (You found it on level 3 of the Dungeon)

   [ring of protection from fire]

   Dex+3:     It affects your dexterity (+3).
   rF+:       It protects you from fire.
 z - a +5 ring of evasion
Wands
 r - a wand of flame (46)
Scrolls
 d - 4 scrolls of identify {unknown}
 f - 2 scrolls of teleportation {unknown}
 h - a scroll of revelation {unknown}
 p - a scroll of enchant weapon {unknown}
 t - a scroll of silence {unknown}
Potions
 g - a potion of enlightenment {unknown}
 i - 2 potions of heal wounds
 j - 2 potions of magic {unknown}
 k - 4 potions of curing {unknown}
 m - a potion of might {unknown}
 o - a potion of berserk rage {unknown}
 u - a potion of cancellation {unknown}


   Skills:
 + Level 4.5 Fighting
 - Level 2.1 Dodging
 - Level 1.5 Stealth
 + Level 4.7 Spellcasting
 + Level 4.7 Conjurations
 + Level 4.7 Hexes
   Level 0.0 Charms
 + Level 4.7 Summonings
 + Level 4.7 Necromancy
 + Level 4.7 Translocations
   Level 0.0 Transmutations
 + Level 4.7 Fire Magic
 + Level 4.7 Ice Magic
 + Level 4.7 Air Magic
 + Level 4.7 Earth Magic
 + Level 4.7 Alchemy


You knew the following spells:

 Your Spells              Type           Power      Damage    Failure   Level
a - Magic Dart            Conj           76%        1d6       2%          1
b - Slow                  Hex            76%        N/A       2%          1
c - Blink                 Tloc           38%        N/A       3%          2
d - Call Imp              Summ           38%        N/A       3%          2
e - Mephitic Cloud        Conj/Alch/Air  19%        N/A       6%          3
f - Shock                 Conj/Air       76%        1d7       2%          1
g - Lesser Beckoning      Tloc           38%        N/A       3%          2
h - Volatile Blastmotes   Fire/Tloc      38%        2d13      6%          3
Your spell library was empty.

Dungeon Overview and Level Annotations

Branches:
Dungeon (4/15)
 Temple: D:4-7

Altars:
Nemelex Xobeh
Qazlal

Annotations:
D:3 2 transporters, 1 runed translucent door, Fodor's ghost, amateur MiFi
D:4 Blork the orc


Innate Abilities, Weirdness & Mutations

You are immune to sickness and miasma.
You are immune to poison.
Your flesh is very heat resistant. (rF++)
You are vulnerable to cold. (rC-)
You float through the air rather than walking.
You learn spells naturally, not from books.
Your magical power is your life essence.
You have superior vitality. (+4 MHP)


Message History

The concussive blast engulfs the adder.
The adder is heavily wounded.
The concussive blast engulfs you. You resist.
You are knocked back by the blast.
Casting: Volatile Blastmotes (dangerous; 6% risk of failure)
Confirm with . or Enter, or press ? or * to list all spells.
A cloud of volatile blastmotes flares up around you!
Run!
The cloud of blastmotes explodes!
The concussive blast engulfs the adder!
You kill the adder!
The concussive blast engulfs you. You resist.
You are knocked back by the blast.
You hear an angry hiss.
Casting: Volatile Blastmotes (dangerous; 6% risk of failure)
Confirm with . or Enter, or press ? or * to list all spells.
You miscast Volatile Blastmotes.
You are very lightly contaminated with residual magic.
Nothing appears to happen.
Blork the orc hits you from afar with a +0 trident!
Blork the orc begins to cast a cantrip, but forgets the words!
Casting: Volatile Blastmotes (dangerous; 6% risk of failure)
Confirm with . or Enter, or press ? or * to list all spells.
A cloud of volatile blastmotes flares up around you!
Run!
Blork the orc hits you from afar with a +0 trident!
An orc zombie comes into view.
Blork the orc begins to cast a cantrip, but forgets the words!
You shoot an arrow. The arrow barely misses the orc zombie.
Blork the orc points at you and mumbles some strange words.
The magic dart hits you.
* * * LOW HITPOINT WARNING * * *
The orc zombie completely misses you.
An orc zombie comes into view.
An iguana comes into view.
Blork the orc closely misses you. The orc zombie barely misses you.
An orc zombie comes into view.
You shoot an arrow. The arrow hits the orc zombie.
The orc zombie is heavily damaged.
Blork the orc hits you from afar with a +0 trident!
* * * LOW HITPOINT WARNING * * *
Blork the orc hits you from afar with a +0 trident.
You die...
Blork the orc shouts, "I believe in me!"

###########
#..@ZZ....#
#.§##Z.##.#
#.o# ..# #..#
.# ###..# #
#...l# .
#....######...
#............?
#.....>.......


You could see Blork the orc (fast), an iguana and 3 orc zombies.

Vanquished Creatures
  A jelly (D:3)
  2 orc priests (D:3)
  Crazy Yiuf (D:2)
  An iguana (D:4)
  Ijyb (D:3)
  3 orc wizards (D:3)
  6 adders
  7 orcs
  4 ball pythons
  6 bats
  7 endoplasms
  6 giant cockroaches
  3 goblins
  2 hobgoblins
  3 jackals (D:2)
  A quokka (D:3)
  4 frilled lizards
  9 kobolds
  6 rats
73 creatures vanquished.

Vanquished Creatures (collateral kills)
  A dart slug (D:1)
  A ball python (D:1)
  A hobgoblin (D:1)
3 creatures vanquished.

Grand Total: 76 creatures vanquished

Notes
Turn   | Place    | Note
-------+----------+-------------------------------------------
     0 | D:1      | porpoise the Djinni Hedge Wizard began the quest for the
                  | Orb.
     0 | D:1      | porpoise set off with the following spells memorised: Magic
                  | Dart, Slow, Blink, Call Imp, Mephitic Cloud.
     0 | D:1      | Reached XP level 1. HP: 15/15 MP: 0/0
   143 | D:1      | Reached XP level 2. HP: 21/22 MP: 0/0
   164 | D:1      | Reached skill level 1 in Fighting
   419 | D:1      | Reached XP level 3. HP: 19/27 MP: 0/0
   419 | D:1      | Learned a level 1 spell: Shock
   908 | D:2      | Found a sparkling altar of Nemelex Xobeh.
  1281 | D:2      | Reached XP level 4. HP: 24/33 MP: 0/0
  1444 | D:2      | Identified the +0 quarterstaff of Malum In Se {spect, rPois
                  | Will+ Int-2}
  1721 | D:2      | Found a runed translucent door.
  1722 | D:2      | Noticed Crazy Yiuf
  2184 | D:2      | Killed Crazy Yiuf
  2185 | D:2      | Reached XP level 5. HP: 27/40 MP: 0/0
  2185 | D:2      | Learned a level 2 spell: Lesser Beckoning
  2314 | D:3      | Identified the ring "Engoevoz" {rF+ Dex+3}
  2429 | D:3      | Found a transporter.
  2432 | D:3      | Noticed a black bear
  2445 | D:3      | Noticed a bullfrog
  2459 | D:3      | Found a transporter.
  2483 | D:3      | Found a stormy altar of Qazlal.
  2640 | D:3      | Noticed Ijyb
  2655 | D:3      | Killed Ijyb
  2656 | D:3      | Reached XP level 6. HP: 44/47 MP: 0/0
  2672 | D:3      | Found a runed translucent door.
  2797 | D:3      | Noticed Fodor's ghost (amateur MiFi)
  2797 | D:3      | Noticed an ogre
  3365 | D:4      | Reached XP level 7. HP: 53/53 MP: 0/0
  3365 | D:4      | Learned a level 3 spell: Volatile Blastmotes
  3507 | D:4      | Noticed Blork the orc
  3523 | D:4      | Slain by Blork the orc

Illustrated notes

Levels and vault maps discovered:
D:1:      lemuel_arrival_muddy, layout_rooms
D:2:      layout_basic, basic_altar, minmay_misc_feat_four_crosses,
          uniq_crazy_yiuf_cottage
D:3:      layout_basic, gammafunk_temple_overflow_arena,
          ebering_ghost_inner_flame, uniq_ijyb
D:4:      nicolae_cairo_tiling_very_big, layout_basic,
          gammafunk_ghost_gnarly_gnolls, minmay_mini_ossuary, uniq_pikel,
          uniq_menkaure, uniq_blork_the_orc

Skill      XL: |  1  2  3  4  5  6 |
---------------+-------------------+-----
Fighting       | 1 2 3 4 |  4.5
Spellcasting   | 4 |  4.7
Conjurations   | 4 |  4.7
Hexes          | 4 |  4.7
Summonings     | 4 |  4.7
Necromancy     | 4 |  4.7
Translocations | 4 |  4.7
Fire Magic     | 4 |  4.7
Ice Magic      | 4 |  4.7
Air Magic      | 4 |  4.7
Earth Magic    | 4 |  4.7
Alchemy        | 4 |  4.7
Dodging        | |  2.1
Stealth        | |  1.5

Action                     |  1- 3 |  4- 6 |  7- 9 || total
---------------------------+-------+-------+-------++-------
  Melee: Dagger            |    73 |     9 |       ||    82
         Quarterstaff      |       |    46 |       ||    46
         Orcbow            |       |     2 |       ||     2
   Fire: Orcbow            |       |    52 |     9 ||    61
   Cast: Magic Dart        |    41 |    23 |       ||    64
         Call Imp          |     1 |     1 |       ||     2
         Slow              |     2 |     1 |       ||     3
         Volatile Blastmot |       |       |     4 ||     4
    Use: Potion            |       |     1 |       ||     1
   Stab: Sleeping          |     2 |     2 |       ||     4
 Armour: Robe              |    40 |    69 |     9 ||   118
  Dodge: Dodged            |    48 |   116 |     6 ||   170

Table legend: (Time is in decaauts)
 A = Elapsed time spent in this place.
 B = Non-inter-level travel time spent in this place.
 C = Inter-level travel time spent in this place.
 D = Time resting spent in this place.
 E = Time spent auto-exploring this place.
 F = Levels seen in this place.
 G = Mean time per level.
                   A        B        C        D        E       F      G
               +--------+--------+--------+--------+--------+-----+--------+
         Total |   3561 |   3490 |     71 |    898 |   1983 |   4 |  890.2 |
       Dungeon |   3561 |   3490 |     71 |    898 |   1983 |   4 |  890.2 |
               +--------+--------+--------+--------+--------+-----+--------+

Top non-repeatable levels by time:
     D:2: 1354 daAuts
     D:3: 1091 daAuts
     D:1: 908 daAuts
     D:4: 208 daAuts
